General information
- name: BNet
- type: Ladder team game (AT/RT)
- host: Battle.net
- saver: 28531358187
map: FullScaleAssault
- players: 8
- length: 36:09
- speed: Fast
- version: 1.27 W3XP
- replay type: Public
» download(261 KB)
Players
team 1 (loser)
DassiveMump (
teal | 66 APM | 2351 actions | 35:47)
2 Demon Hunter
1 Mana Burn
1 Evasion
7 Keeper of the Grove
3 Force of Nature
3 Entangling Roots
1 Tranquility
» actions
| Assign group hotkey | 82 | |
| Basic commands | 157 | |
| Build / train | 83 | |
| Enter build submenu | 17 | |
| Enter hero's abilities submenu | 9 | |
| Give item / drop item | 2 | |
| Remove unit from queue | 3 | |
| Right click | 1316 | |
| Select / deselect | 362 | |
| Select group hotkey | 232 | |
| Use ability | 88 | |
2351 total
» units
| Wisp | 12 | |
| Huntress | 4 | |
| Archer | 11 | |
| Hippogryph | 7 | |
| Faerie Dragon | 2 | |
| Druid of the Talon | 9 | |
45 total
» upgrades
| Moon Armor | 2 | |
| Strength of the Moon | 2 | |
| Improved Bows | 1 | |
| Hippogryph Taming | 1 | |
| Sentinel | 1 | |
| Marksmanship | 1 | |
| Druid of the Talon Training | 2 | |
| Mark of the Talon | 1 | |
11 total
» buildings
| Altar of Elders | 1 | |
| Moon Well | 7 | |
| Ancient of War | 2 | |
| Hunter's Hall | 1 | |
| Tree of Ages | 1 | |
| Ancient of Wonders | 1 | |
| Ancient of Wind | 2 | |
| Tree of Eternity | 1 | |
| Tree of Life | 1 | |
17 total
» build order
00:11 Altar of Elders
00:19 Moon Well
01:48 Ancient of War
01:50 Ancient of War
01:53 Hunter's Hall
02:05 Moon Well
02:06 Moon Well
03:28 Moon Well
04:49 Tree of Ages
05:10 Ancient of Wonders
05:55 Moon Well
07:14 Ancient of Wind
07:17 Ancient of Wind
07:19 Moon Well
11:00 Tree of Eternity
20:39 Moon Well
31:19 Tree of Life
» items
| Scroll of Town Portal | 4 | |
| Potion of Healing | 4 | |
| Orb of Venom | 1 | |
| Anti-magic Potion | 1 | |
| Staff of Preservation | 1 | |
11 total
kookookachew (
green | 40 APM | 1428 actions | 36:08)
6 Dreadlord
1 Sleep
1 Vampiric Aura
3 Carrion Swarm
1 Inferno
» actions
| Basic commands | 200 | |
| Build / train | 92 | |
| Enter build submenu | 32 | |
| Enter hero's abilities submenu | 7 | |
| Give item / drop item | 1 | |
| Remove unit from queue | 7 | |
| Right click | 569 | |
| Select / deselect | 447 | |
| Use ability | 71 | |
1428 total
» units
| Acolyte | 11 | |
| Ghoul | 7 | |
| Crypt Fiend | 23 | |
| Obsidian Statue | 7 | |
| Gargoyle | 3 | |
| Goblin Shredder | 1 | |
52 total
» upgrades
| Burrow | 1 | |
| Creature Attack | 2 | |
| Web | 1 | |
| Creature Carapace | 1 | |
| Destroyer Form | 1 | |
6 total
» buildings
| Ziggurat | 11 | |
| Crypt | 1 | |
| Altar of Darkness | 2 | |
| Graveyard | 1 | |
| Nerubian Tower | 3 | |
| Tomb of Relics | 1 | |
| Halls of the Dead | 2 | |
| Spirit Tower | 6 | |
| Black Citadel | 2 | |
| Slaughterhouse | 3 | |
| Sacrificial Pit | 1 | |
| Necropolis | 1 | |
34 total
» build order
00:14 Ziggurat
00:18 Crypt
00:38 Altar of Darkness
00:59 Graveyard
01:09 Nerubian Tower
01:39 Tomb of Relics
02:19 Ziggurat
03:45 Halls of the Dead
03:48 Spirit Tower
03:48 Spirit Tower
06:03 Ziggurat
07:05 Black Citadel
07:09 Ziggurat
07:36 Slaughterhouse
11:35 Sacrificial Pit
13:08 Necropolis
19:11 Nerubian Tower
20:01 Ziggurat
20:36 Altar of Darkness
21:22 Spirit Tower
21:28 Ziggurat
23:12 Halls of the Dead
24:09 Spirit Tower
25:05 Ziggurat
28:09 Black Citadel
30:59 Slaughterhouse
33:01 Slaughterhouse
34:47 Ziggurat
34:50 Ziggurat
35:01 Ziggurat
35:06 Ziggurat
35:12 Spirit Tower
» items
| Rod of Necromancy | 1 | |
| Periapt of Vitality | 1 | |
| Scroll of Town Portal | 1 | |
| Orb of Corruption | 1 | |
| Potion of Healing | 1 | |
| Scroll of Healing | 1 | |
6 total
SHANKBANK (
red | 83 APM | 2978 actions | 35:45)
9 Blademaster
3 Wind Walk
3 Critical Strike
1 Bladestorm
2 Mirror Image
4 Shadow Hunter
2 Hex
2 Healing Wave
» actions
| Assign group hotkey | 32 | |
| Basic commands | 8 | |
| Build / train | 90 | |
| Enter build submenu | 37 | |
| Enter hero's abilities submenu | 13 | |
| Give item / drop item | 4 | |
| Remove unit from queue | 1 | |
| Right click | 1514 | |
| Select / deselect | 317 | |
| Select group hotkey | 756 | |
| Use ability | 206 | |
2978 total
» units
| Peon | 20 | |
| Grunt | 3 | |
| Goblin Shredder | 8 | |
| Troll Batrider | 6 | |
| Goblin Zeppelin | 2 | |
| Wind Rider | 5 | |
44 total
» upgrades
| Reinforced Defenses | 1 | |
| Ranged Weapons | 2 | |
| Armor | 2 | |
| Liquid Fire | 1 | |
| Envenomed Spears | 1 | |
7 total
» buildings
| Altar of Storms | 1 | |
| Orc Burrow | 6 | |
| Barracks | 1 | |
| Voodoo Lounge | 1 | |
| Stronghold | 1 | |
| Great Hall | 5 | |
| War Mill | 1 | |
| Fortress | 1 | |
| Beastiary | 3 | |
| Watch Tower | 58 | |
78 total
» build order
00:08 Altar of Storms
00:18 Orc Burrow
00:36 Barracks
01:22 Orc Burrow
01:56 Voodoo Lounge
03:00 Stronghold
03:41 Orc Burrow
05:17 Great Hall
05:54 War Mill
05:56 Fortress
06:22 Beastiary
06:23 Beastiary
07:11 Watch Tower
07:16 Watch Tower
07:16 Watch Tower
08:11 Watch Tower
08:14 Watch Tower
08:35 Watch Tower
08:42 Watch Tower
09:28 Watch Tower
09:28 Watch Tower
09:30 Watch Tower
12:26 Great Hall
12:30 Watch Tower
12:31 Watch Tower
12:31 Watch Tower
12:32 Watch Tower
12:34 Watch Tower
13:42 Watch Tower
13:43 Watch Tower
13:43 Watch Tower
13:55 Watch Tower
14:09 Watch Tower
15:16 Beastiary
15:50 Watch Tower
15:50 Watch Tower
15:50 Watch Tower
15:52 Watch Tower
15:52 Watch Tower
15:53 Watch Tower
17:36 Watch Tower
17:37 Watch Tower
17:38 Watch Tower
17:39 Watch Tower
17:39 Watch Tower
17:39 Watch Tower
17:40 Watch Tower
17:41 Watch Tower
19:17 Watch Tower
19:18 Watch Tower
20:52 Orc Burrow
20:52 Orc Burrow
20:53 Orc Burrow
21:46 Watch Tower
21:47 Watch Tower
21:47 Watch Tower
21:48 Watch Tower
21:48 Watch Tower
26:18 Great Hall
26:21 Watch Tower
26:21 Watch Tower
26:21 Watch Tower
26:22 Watch Tower
26:22 Watch Tower
26:23 Watch Tower
26:24 Watch Tower
26:25 Watch Tower
28:08 Great Hall
32:48 Watch Tower
32:49 Watch Tower
32:49 Watch Tower
32:49 Watch Tower
33:17 Great Hall
33:42 Watch Tower
33:42 Watch Tower
33:43 Watch Tower
33:43 Watch Tower
33:45 Watch Tower
» items
| Healing Salve | 2 | |
| Staff of Teleportation | 1 | |
| Boots of Speed | 1 | |
| Orb of Lightning | 1 | |
| Lesser Clarity Potion | 2 | |
| Scroll of Town Portal | 1 | |
| Potion of Mana | 3 | |
| Potion of Healing | 3 | |
14 total
pearl11 (
purple | 34 APM | 1219 actions | 35:58)
7 Archmage
3 Summon Water Elemental
3 Brilliance Aura
1 Mass Teleport
1 Mountain King
1 Storm Bolt
» actions
| Basic commands | 11 | |
| Build / train | 80 | |
| Enter build submenu | 15 | |
| Enter hero's abilities submenu | 8 | |
| Right click | 775 | |
| Select / deselect | 223 | |
| Use ability | 106 | |
1219 total
» units
| Peasant | 26 | |
| Footman | 15 | |
| Goblin Shredder | 1 | |
| Gryphon Rider | 15 | |
57 total
» upgrades
| Swords | 3 | |
| Armor | 3 | |
| Storm Hammers | 1 | |
| Animal War Training | 1 | |
| Gunpowder | 1 | |
| Plating | 1 | |
10 total
» buildings
| Altar of Kings | 1 | |
| Farm | 13 | |
| Barracks | 1 | |
| Town Hall | 2 | |
| Keep | 1 | |
| Lumber Mill | 2 | |
| Blacksmith | 2 | |
| Castle | 1 | |
| Gryphon Aviary | 5 | |
28 total
» build order
00:14 Altar of Kings
00:23 Farm
00:31 Barracks
01:16 Farm
01:17 Farm
01:18 Farm
03:58 Town Hall
05:45 Keep
05:49 Lumber Mill
06:08 Lumber Mill
06:14 Blacksmith
06:16 Blacksmith
07:48 Farm
07:49 Farm
07:49 Farm
07:51 Farm
07:51 Farm
07:52 Farm
07:52 Farm
07:53 Farm
07:54 Farm
08:51 Castle
09:48 Gryphon Aviary
09:49 Gryphon Aviary
09:50 Gryphon Aviary
09:51 Gryphon Aviary
11:09 Gryphon Aviary
25:38 Town Hall
» items
team 2 (winner)
Pick-BaBa (
pink | 40 APM | 1447 actions | 36:08)
9 Blademaster
3 Wind Walk
3 Critical Strike
1 Bladestorm
2 Mirror Image
» actions
| Basic commands | 1 | |
| Build / train | 97 | |
| Enter build submenu | 23 | |
| Enter hero's abilities submenu | 9 | |
| Give item / drop item | 2 | |
| Right click | 741 | |
| Select / deselect | 440 | |
| Use ability | 127 | |
1447 total
» units
| Peon | 14 | |
| Troll Batrider | 13 | |
| Wind Rider | 4 | |
| Raider | 3 | |
| Troll Headhunter/Berserker | 4 | |
| Shaman | 3 | |
41 total
» upgrades
| Ranged Weapons | 1 | |
| Envenomed Spears | 1 | |
| Liquid Fire | 1 | |
| Ensnare | 1 | |
| Pillage | 1 | |
| Reinforced Defenses | 1 | |
| Berserker Upgrade | 1 | |
| Troll Regeneration | 1 | |
| Shaman Training | 2 | |
10 total
» buildings
| Altar of Storms | 1 | |
| Orc Burrow | 10 | |
| Voodoo Lounge | 1 | |
| Stronghold | 2 | |
| War Mill | 1 | |
| Fortress | 1 | |
| Beastiary | 3 | |
| Watch Tower | 7 | |
| Barracks | 2 | |
| Spirit Lodge | 1 | |
29 total
» build order
00:03 Altar of Storms
00:06 Orc Burrow
00:58 Voodoo Lounge
01:33 Orc Burrow
02:53 Stronghold
02:53 Stronghold
03:09 War Mill
04:51 Orc Burrow
04:55 Orc Burrow
05:21 Fortress
06:06 Beastiary
06:08 Beastiary
06:11 Beastiary
06:15 Orc Burrow
07:08 Orc Burrow
07:10 Orc Burrow
07:10 Orc Burrow
14:12 Watch Tower
14:16 Watch Tower
20:24 Orc Burrow
25:49 Barracks
25:52 Barracks
25:56 Spirit Lodge
26:22 Watch Tower
26:25 Watch Tower
26:31 Watch Tower
27:40 Watch Tower
27:44 Watch Tower
» items
| Healing Salve | 6 | |
| Lesser Clarity Potion | 5 | |
| Scroll of Speed | 5 | |
| Boots of Speed | 1 | |
| Circlet of Nobility | 1 | |
| Orb of Lightning | 8 | |
| Scroll of Town Portal | 2 | |
28 total

»
capitalsfan92 (
yellow | 25 APM | 892 actions | 36:08)
7 Death Knight
3 Death Coil
2 Unholy Aura
1 Death Pact
1 Animate Dead
» actions
| Basic commands | 20 | |
| Build / train | 78 | |
| Enter build submenu | 26 | |
| Enter hero's abilities submenu | 7 | |
| Give item / drop item | 3 | |
| Right click | 403 | |
| Select / deselect | 315 | |
| Use ability | 38 | |
892 total
» units
| Acolyte | 14 | |
| Ghoul | 4 | |
| Crypt Fiend | 16 | |
| Frost Wyrm | 15 | |
| Gargoyle | 2 | |
51 total
» upgrades
| Creature Attack | 2 | |
| Creature Carapace | 1 | |
| Web | 1 | |
| Freezing Breath | 1 | |
5 total
» buildings
| Ziggurat | 11 | |
| Crypt | 1 | |
| Altar of Darkness | 2 | |
| Graveyard | 1 | |
| Tomb of Relics | 1 | |
| Halls of the Dead | 1 | |
| Nerubian Tower | 3 | |
| Sacrificial Pit | 1 | |
| Black Citadel | 1 | |
| Boneyard | 2 | |
| Spirit Tower | 7 | |
31 total
» build order
01:15 Ziggurat
01:19 Ziggurat
01:24 Crypt
01:29 Altar of Darkness
01:36 Altar of Darkness
01:56 Graveyard
02:56 Ziggurat
03:02 Ziggurat
03:34 Tomb of Relics
04:29 Halls of the Dead
05:18 Nerubian Tower
05:19 Nerubian Tower
07:07 Ziggurat
07:14 Sacrificial Pit
09:25 Black Citadel
11:17 Ziggurat
11:20 Ziggurat
11:25 Ziggurat
11:27 Ziggurat
11:49 Boneyard
11:52 Boneyard
13:52 Spirit Tower
13:54 Spirit Tower
13:56 Spirit Tower
13:57 Nerubian Tower
20:29 Ziggurat
20:31 Ziggurat
23:41 Spirit Tower
26:37 Spirit Tower
26:38 Spirit Tower
26:40 Spirit Tower
» items
| Orb of Corruption | 1 | |
| Scroll of Town Portal | 1 | |
2 total
28531358187 (
blue | 104 APM | 3778 actions | 36:09)
9 Goblin Tinker
3 Pocket Factory
3 Engineering Upgrade
1 Robo-Goblin
2 Cluster Rockets
» actions
| Assign group hotkey | 59 | |
| Basic commands | 49 | |
| Build / train | 170 | |
| ESC pressed | 1 | |
| Enter build submenu | 60 | |
| Enter hero's abilities submenu | 10 | |
| Give item / drop item | 10 | |
| Remove unit from queue | 1 | |
| Right click | 1598 | |
| Select / deselect | 529 | |
| Select group hotkey | 982 | |
| Use ability | 308 | |
3778 total
» units
| Peasant | 25 | |
| Footman | 4 | |
| Goblin Shredder | 3 | |
| Goblin Zeppelin | 7 | |
| Gryphon Rider | 3 | |
| Dragonhawk Rider | 2 | |
| Sorceress | 1 | |
| Goblin Sapper | 5 | |
| Blue Dragon | 2 | |
52 total
» upgrades
| Masonry | 3 | |
| Swords | 3 | |
| Armor | 3 | |
| Animal War Training | 1 | |
| Storm Hammers | 1 | |
| Cloud | 1 | |
| Sorceress Training | 2 | |
| Magic Sentry | 1 | |
15 total
» buildings
| Barracks | 1 | |
| Altar of Kings | 1 | |
| Farm | 14 | |
| Lumber Mill | 1 | |
| Town Hall | 3 | |
| Scout Tower | 42 | |
| Arcane Vault | 1 | |
| Keep | 3 | |
| Blacksmith | 1 | |
| Guard Tower | 42 | |
| Castle | 5 | |
| Gryphon Aviary | 6 | |
| Arcane Sanctum | 2 | |
122 total
» build order
00:37 Barracks
00:39 Altar of Kings
00:49 Farm
01:06 Farm
01:57 Farm
02:01 Lumber Mill
03:57 Town Hall
03:59 Scout Tower
04:00 Scout Tower
04:01 Scout Tower
04:01 Scout Tower
05:06 Farm
05:07 Farm
05:30 Arcane Vault
06:32 Keep
06:32 Keep
07:08 Blacksmith
07:22 Farm
07:25 Guard Tower
07:25 Guard Tower
07:25 Guard Tower
07:26 Guard Tower
07:41 Scout Tower
07:42 Scout Tower
07:43 Scout Tower
08:02 Scout Tower
08:04 Scout Tower
08:06 Scout Tower
08:11 Scout Tower
08:13 Scout Tower
08:15 Guard Tower
08:15 Guard Tower
08:15 Guard Tower
09:01 Guard Tower
09:01 Guard Tower
09:06 Castle
09:06 Castle
09:06 Castle
09:06 Castle
10:00 Town Hall
10:01 Scout Tower
10:02 Scout Tower
10:03 Scout Tower
10:05 Scout Tower
10:05 Scout Tower
10:06 Scout Tower
10:07 Scout Tower
10:08 Scout Tower
10:09 Scout Tower
10:52 Gryphon Aviary
10:53 Gryphon Aviary
10:55 Gryphon Aviary
10:58 Guard Tower
10:58 Guard Tower
10:59 Guard Tower
10:59 Guard Tower
12:23 Guard Tower
12:23 Guard Tower
12:23 Guard Tower
12:23 Guard Tower
13:30 Scout Tower
13:31 Scout Tower
13:33 Scout Tower
13:34 Scout Tower
13:36 Scout Tower
13:37 Scout Tower
13:38 Scout Tower
13:40 Scout Tower
13:41 Scout Tower
14:18 Guard Tower
14:18 Guard Tower
15:08 Guard Tower
15:09 Guard Tower
15:25 Guard Tower
15:26 Guard Tower
15:26 Guard Tower
17:27 Scout Tower
17:28 Scout Tower
17:29 Scout Tower
17:33 Scout Tower
17:34 Scout Tower
17:38 Farm
17:38 Farm
17:39 Farm
17:41 Farm
17:43 Farm
17:45 Farm
19:03 Guard Tower
19:03 Guard Tower
19:03 Guard Tower
19:03 Guard Tower
19:12 Gryphon Aviary
19:13 Gryphon Aviary
19:19 Farm
19:25 Farm
19:31 Gryphon Aviary
20:54 Arcane Sanctum
20:56 Arcane Sanctum
21:10 Town Hall
21:16 Scout Tower
21:17 Scout Tower
21:18 Scout Tower
21:19 Scout Tower
21:21 Scout Tower
21:22 Scout Tower
21:24 Scout Tower
23:35 Guard Tower
23:35 Guard Tower
23:35 Guard Tower
23:35 Guard Tower
» items
| Scroll of Regeneration | 5 | |
| Lesser Clarity Potion | 4 | |
| Boots of Speed | 1 | |
| Potion of Invisibility | 3 | |
| Staff of Teleportation | 1 | |
| Scroll of Town Portal | 1 | |
15 total

»
darksideofhemp (
orange | 59 APM | 1970 actions | 33:26)
8 Tauren Chieftain
3 Endurance Aura
3 Shockwave
1 Reincarnation
1 War Stomp
1 Blademaster
1 Wind Walk
» actions
| Assign group hotkey | 25 | |
| Basic commands | 181 | |
| Build / train | 96 | |
| Enter build submenu | 22 | |
| Enter hero's abilities submenu | 9 | |
| Give item / drop item | 7 | |
| Remove unit from queue | 3 | |
| Right click | 960 | |
| Select / deselect | 503 | |
| Select group hotkey | 51 | |
| Use ability | 112 | |
1970 total
» units
| Peon | 15 | |
| Troll Headhunter/Berserker | 20 | |
| Wind Rider | 10 | |
| Goblin Zeppelin | 1 | |
| Raider | 1 | |
| Demolisher | 2 | |
| Goblin Shredder | 1 | |
| Troll Batrider | 7 | |
57 total
» upgrades
| Ranged Weapons | 3 | |
| Armor | 3 | |
| Troll Regeneration | 1 | |
| Ensnare | 1 | |
| Berserker Upgrade | 1 | |
| Envenomed Spears | 1 | |
| Pillage | 1 | |
| Backpack | 1 | |
| Shaman Training | 1 | |
13 total
» buildings
| Altar of Storms | 2 | |
| Orc Burrow | 6 | |
| Stronghold | 1 | |
| Barracks | 3 | |
| War Mill | 1 | |
| Voodoo Lounge | 2 | |
| Beastiary | 3 | |
| Great Hall | 2 | |
| Fortress | 1 | |
| Spirit Lodge | 1 | |
22 total
» build order
00:08 Altar of Storms
00:12 Altar of Storms
00:15 Orc Burrow
02:19 Stronghold
02:27 Barracks
02:31 War Mill
02:38 Voodoo Lounge
02:44 Voodoo Lounge
02:53 Orc Burrow
03:00 Orc Burrow
04:44 Beastiary
04:48 Beastiary
05:28 Orc Burrow
08:18 Great Hall
08:56 Fortress
10:59 Orc Burrow
11:18 Orc Burrow
16:54 Barracks
16:56 Barracks
19:51 Great Hall
20:38 Spirit Lodge
26:02 Beastiary
» items
| Healing Salve | 2 | |
| Scroll of Town Portal | 2 | |
| Orb of Lightning | 1 | |
| Lesser Clarity Potion | 2 | |
7 total
Chat log
(00:46 / Allies) Pick-BaBa: i go bats
(00:53 / Allies) Pick-BaBa: to wyvern
(00:56 / Allies) capitalsfan92: fiends and frosties
(00:59 / Allies) darksideofhemp: i hate this map
(01:15 / Allies) 28531358187: what do you dislike about it
(01:24 / Allies) Pick-BaBa: why hate this map?
(01:41 / Allies) darksideofhemp: not good battles
(01:56 / Allies) Pick-BaBa: units oj?
(02:01 / Allies) darksideofhemp: air
(02:33 / Allies) Pick-BaBa: i know
(02:38 / Allies) Pick-BaBa: melee caster
(04:41 / Allies) 28531358187: come wtf
(04:54 / Allies) 28531358187: idiot
(05:05 / Allies) darksideofhemp: lol
(05:11 / Allies) darksideofhemp: take easy man
(07:16 / Allies) Pick-BaBa: wood plz
(07:29 / Allies) Pick-BaBa: ty
(10:06 / Allies) Pick-BaBa: gold plz
(10:57 / Allies) Pick-BaBa: c
(11:16 / Allies) Pick-BaBa: gold plz
(12:37 / Allies) darksideofhemp: rp
(12:43 / Allies) 28531358187: roleplay?
(12:57 / Allies) 28531358187: I am Plug Rattletrap, the fiercest tinker of Gadgetzan
(13:23 / Allies) Pick-BaBa: gold plz
(13:25 / Allies) darksideofhemp: meet
(15:21 / All) 28531358187: wow green you just got owned by a tinker
(15:56 / All) 28531358187: lol!
(16:00 / All) 28531358187: you just got owned by a tinker!
(16:06 / All) 28531358187: TINKER HARASS
(17:25 / Allies) Pick-BaBa: gold blue
(17:28 / Allies) Pick-BaBa: 6000 gold
(17:48 / Allies) 28531358187: what player is gold blue?
(17:50 / Allies) 28531358187: I'm just blue
(18:18 / All) 28531358187: can't believe people can be so bad at such an ancient game
(18:18 / Allies) darksideofhemp: back ielow
(18:29 / Allies) darksideofhemp: stop air and hit
(18:58 / Allies) darksideofhemp: lumber?
(19:29 / Allies) Pick-BaBa: gold?
(19:39 / Allies) 28531358187: you can get it in gold mines
(19:42 / Allies) 28531358187: is it your first time playing
(19:48 / Allies) 28531358187: youshould do the campaign first
(20:21 / Allies) darksideofhemp: meet
(20:33 / Allies) Pick-BaBa: gold for tp plz
(20:52 / Allies) Pick-BaBa: ty :)
(21:25 / Allies) darksideofhemp: meet
(21:35 / Allies) Pick-BaBa: meet
(22:18 / All) 28531358187: ROBOTINKER!
(22:42 / All) 28531358187: lmao did you just lose a level 6 archmage to a tinker
(22:44 / All) 28531358187: it had a tp too
(25:10 / Allies) Pick-BaBa: garg to kill air yellow
(25:31 / Allies) Pick-BaBa: gold?
(25:43 / Allies) Pick-BaBa: ty
(25:57 / Allies) darksideofhemp: meet
(26:06 / Allies) darksideofhemp: back meet
(26:52 / Allies) darksideofhemp: tp
(26:56 / Allies) Pick-BaBa: go
(27:22 / Allies) Pick-BaBa: b
(28:15 / Allies) darksideofhemp: where is this mather fucker noob
(28:17 / All) SHANKBANK: never seen a level 8 tc die so much lol
(28:22 / Allies) 28531358187: healing up noob
(28:25 / Allies) Pick-BaBa: gold plz
(28:42 / Allies) darksideofhemp: back ielow
(28:53 / Allies) darksideofhemp: noob
(28:59 / Allies) darksideofhemp: blue is noob
(29:02 / Allies) darksideofhemp: i hate this map
(29:04 / Allies) 28531358187: you're noob, noob
(29:13 / Allies) darksideofhemp: only noobs play im my team
(29:59 / Allies) Pick-BaBa: use units blue
(30:04 / Allies) 28531358187: I'm using a goblin tinker
(30:29 / Allies) darksideofhemp: nooob
(30:44 / All) 28531358187: FEAR DA TINKER!
(30:45 / Allies) capitalsfan92: gold please
(31:49 / Allies) Pick-BaBa: gold blue
(32:03 / Allies) 28531358187: I'm good for gold thanks
(32:11 / Allies) capitalsfan92: i know i need gold man
(32:17 / Allies) 28531358187: you can harvest it in gold mines
(32:21 / Allies) 28531358187: play teh campaign man
(32:26 / Allies) 28531358187: if u don't understand how the game works
(32:37 / Allies) Pick-BaBa: blue anal noob
(32:44 / Allies) darksideofhemp: this guy is a trump
(32:46 / Allies) darksideofhemp: lol
(33:11 / All) 28531358187: FEAR DA TINKER!
(34:01 / All) SHANKBANK: perfect game for 3 heroes lolz
(34:17 / All) kookookachew: gold?
(34:25 / All) 28531358187: I have 15k
(35:45 / Allies) 28531358187: \
(36:01 / Allies) 28531358187: there's your gold pals